 Dungeon Crawl Stone Soup version 0.25-a0-516-g7d600cd9ad (webtiles) character file.

Game seed: 3497003485961435333, levelgen mode: deterministic

1946 LSt the Fighter (level 8, -10/103 HPs)
             Began as a Demonspawn Chaos Knight on Feb 17, 2020.
             Was a Plaything of Xom.
             Mangled by a guardian serpent (12 damage)
             ... on level 7 of the Dungeon.
             The game lasted 00:30:30 (8168 turns).

LSt the Fighter (Demonspawn Chaos Knight)           Turns: 8168, Time: 00:30:32

Health: -10/103    AC: 13    Str: 18    XL:     8   Next: 98%
Magic:  8/8        EV: 12    Int: 13    God:    Xom [..*...]
Gold:   446        SH:  0    Dex: 13    Spells: 7/7 levels left

rFire    + . .     SeeInvis +   a - +0 hand axe (chaos)
rCold    . . .     Gourm    .   (no shield)
rNeg     . . .     Faith    .   M - +2 ring mail {MR+}
rPois    .         Spirit   .   (helmet unavailable)
rElec    .         Reflect  .   K - +1 cloak
rCorr    .         Harm     .   (no gloves)
MR       +....                  (no boots)
Stlth    ..........             (no amulet)
HPRegen  0.27/turn              G - ring of see invisible
MPRegen  0.11/turn              (no ring)

@: berserking, lethally poisoned (-10 -> -14), very quick
A: antennae 3, iridescent scales 2, fire resistance 1, mutation resistance 1,
spiny 1, weak 1, rot immunity
a: Renounce Religion


You were on level 7 of the Dungeon.
You worshipped Xom.
You were a toy of Xom.
You were not hungry.

You visited 1 branch of the dungeon, and saw 7 of its levels.

You collected 446 gold pieces.

Inventory:

Hand Weapons
 a - a +0 hand axe of chaos (weapon)
 h - a +0 hunting sling
 D - a +0 shortbow
 F - a +1 flail of protection
 L - the +10 trident of Twilight {vorpal, *Rage MR++, unknown}
   (You found it on level 7 of the Dungeon)

   It inflicts extra damage upon your enemies.
   It affects your resistance to hostile enchantments.
   It may make you go berserk in combat.
Missiles
 e - 26 sling bullets
 g - 199 arrows
 k - 101 bolts
 m - 244 stones
 n - 2 curare-tipped darts
 x - a throwing net
 y - 12 poisoned darts (quivered)
Armour
 b - a +2 leather armour
 f - a +0 crystal plate armour
 p - a +1 ring mail of cold resistance
 K - a +1 cloak (worn)
 M - a +2 ring mail of magic resistance (worn)
Jewellery
 v - an uncursed ring of ice
 G - a ring of see invisible (left hand)
Wands
 r - a wand of acid (14)
 E - a wand of disintegration (9)
Scrolls
 i - a scroll of blinking
 l - 3 scrolls of remove curse
 u - a scroll of fear
 w - a scroll of enchant weapon {unknown}
 z - 3 scrolls of teleportation
 C - a scroll of amnesia
 J - a scroll of noise {unknown}
Potions
 d - 5 potions of curing
 o - 2 potions of flight
 q - a potion of brilliance
 s - a potion of might
 t - 2 potions of mutation
 A - a potion of magic {unknown}
 B - a potion of degeneration {unknown}
 H - a potion of berserk rage
 I - 2 potions of heal wounds
Comestibles
 c - 8 rations


   Skills:
 + Level 8.5 Fighting
 + Level 7.7 Axes
 - Level 1.7 Armour
 - Level 3.1 Dodging


You had 7 spell levels left.
You didn't know any spells.
Your spell library contained the following spells:

 Spells                   Type           Power        Failure   Level  Hunger
 Sandblast                Erth           #.....       47%         1    ##.....
 Passwall                 Tmut/Erth      #.......     63%         2    ###....
 Stone Arrow              Conj/Erth      #.....       85%         3    ####...
 Petrify                  Tmut/Erth      #.......     99%         4    #####..
 Lee's Rapid Deconstruct  Erth           #.........   100%        5    ######.


Dungeon Overview and Level Annotations

Branches:
Dungeon (7/15)
 Temple: D:4-7

Altars:
Fedhas
Gozag
Sif Muna
Trog
Uskayaw
Vehumet
Xom
Zin


Innate Abilities, Weirdness & Mutations

You have a pair of large antennae on your head. (SInv)
You are mostly covered in iridescent scales. (AC +4)
You are partially covered in sharp spines.
You are immune to rotting.
Your flesh is heat resistant. (rF+)
You are somewhat resistant to further mutation.
You are weak. (Str -2)


Message History

Press: ? - help, v - describe, . - travel
Here: a guardian serpent (heavily wounded, unusually strong, unusually agile)
The floor, spattered with blood.
You barely miss the guardian serpent.
The guardian serpent is heavily wounded.
You feel sick.
The guardian serpent is struck by your spines.
The guardian serpent hits you!!
You die... "Leave my toy alone!"
Xom revives you!
You miss the guardian serpent.
The guardian serpent is heavily wounded.
* * * LOW HITPOINT WARNING * * *
You feel sick.
You almost hear Xom's maniacal laughter.
A monocle briefly appears over your left eye.
The guardian serpent hits you!
You die...
Xom laughs nastily!

#. ##. ##. .. #..#.# #####....
#.. ..#......†# #.....
..#.......#'### ##.....
...#..#....'_'b###.....
#.#...#.#..#b#b........
#.........##.S@#......
#.#...#...###..b.b...#.####
..........##.......b......#
...............#..........#
#...#....#...#............#
...............#####..#####
...........###....##.####
...!...).....####.......#######
......)......# #####.#.......#


You could see a guardian serpent.

Vanquished Creatures
  A spiny frog (shapeshifter) (D:5)
  An orc warrior (D:6)
  2 black bears
  An ice beast (D:5)
  An ogre (D:6)
  2 centaurs
  A bullfrog (D:6)
  A killer bee (D:4)
  A howler monkey (D:6)
  4 hounds
  A gnoll shaman (D:5)
  3 orc wizards
  2 iguanas
  4 bullfrog skeletons
  A centaur skeleton (D:3)
  3 worker ants
  A hound skeleton (D:5)
  9 gnolls
  10 adders
  3 shadow imps
  2 oozes
  2 adder skeletons
  2 worms
  5 dart slugs
  3 leopard geckos
  13 orcs
  A ball python (D:3)
  5 giant cockroaches
  3 goblins
  6 hobgoblins
  6 jackals
  3 quokkas
  11 bats
  7 kobolds
  A leopard gecko skeleton (D:6)
  A quokka skeleton (D:6)
  8 rats
131 creatures vanquished.

Vanquished Creatures (collateral kills)
  A sky beast (D:7)
1 creature vanquished.

Vanquished Creatures (others)
  A scorpion (D:5)
1 creature vanquished.

Grand Total: 133 creatures vanquished

Notes
Turn   | Place    | Note
-------+----------+-------------------------------------------
     0 | D:1      | LSt the Demonspawn Chaos Knight began the quest for the
                  | Orb.
     0 | D:1      | Reached XP level 1. HP: 18/18 MP: 1/1
   272 | D:1      | XOM: divination: detect items
   395 | D:1      | XOM: potion effect (might)
   400 | D:1      | XOM: potion effect (invisibility)
   401 | D:1      | Gained mutation: You are partially covered in iridescent
                  | scales. (AC +2) [demonic ancestry]
   401 | D:1      | Reached XP level 2. HP: 24/24 MP: 2/2
   447 | D:1      | XOM: divination: detect items
   593 | D:1      | XOM: divination: magic mapping
   732 | D:2      | Gained mutation: You are immune to rotting. [demonic
                  | ancestry]
   732 | D:2      | Reached XP level 3. HP: 26/30 MP: 3/3
   839 | D:2      | Found a glowing silver altar of Zin.
  1001 | D:2      | Reached skill level 4 in Fighting
  1113 | D:2      | Gained mutation: You have a pair of small antennae on your
                  | head. [demonic ancestry]
  1113 | D:2      | Reached XP level 4. HP: 30/37 MP: 4/4
  1227 | D:2      | XOM: harmless Air miscast
  1690 | D:2      | XOM: stat loss: -1 Dex (11/12)
  1771 | D:3      | Found a shimmering blue altar of Sif Muna.
  1812 | D:3      | XOM: mild Air miscast
  1886 | D:3      | XOM: harmless Tloc miscast
  1929 | D:3      | Reached skill level 1 in Dodging
  2103 | D:2      | XOM: mild Air miscast
  2405 | D:3      | Gained mutation: You are mostly covered in iridescent
                  | scales. (AC +4) [demonic ancestry]
  2405 | D:3      | Reached XP level 5. HP: 43/43 MP: 5/5
  2819 | D:3      | XOM: god gift: throwing net
  3245 | D:4      | Found a hide-covered altar of Uskayaw.
  3277 | D:4      | Found an opulent altar of Gozag.
  3739 | D:4      | Found a blossoming altar of Fedhas.
  3918 | D:4      | XOM: mild Chrm miscast
  4154 | D:4      | XOM: cloud trail
  4384 | D:4      | Reached skill level 5 in Fighting
  4384 | D:4      | Gained mutation: You have a pair of antennae on your head.
                  | [demonic ancestry]
  4384 | D:4      | Reached XP level 6. HP: 51/51 MP: 6/6
  4505 | D:4      | XOM: polymorph orc priest -> killer bee
  4513 | D:4      | XOM: fog
  4846 | D:3      | XOM: scenery: create altars
  4881 | D:3      | XOM: scenery: create altars
  4965 | D:5      | Entered Level 5 of the Dungeon
  5055 | D:4      | XOM: torment (23/51 hp)
  5141 | D:4      | XOM: noise
  5257 | D:5      | XOM: destruction
  5263 | D:5      | XOM: harmless Necr miscast
  5269 | D:5      | XOM: 8-stop teleportation journey
  5346 | D:5      | XOM: give mutations
  5346 | D:5      | Gained mutation: Scrolls take you a little longer to read.
                  | [Xom's mischief]
  5346 | D:5      | Gained mutation: You occasionally shout uncontrollably at
                  | your foes. [Xom's mischief]
  5346 | D:5      | Gained mutation: You are weak. (Str -2) [Xom's mischief]
  5346 | D:5      | Gained mutation: You sometimes yell uncontrollably at your
                  | foes. [Xom's mischief]
  5347 | D:5      | Lost mutation: Scrolls take you a little longer to read.
                  | [potion of mutation]
  5347 | D:5      | Lost mutation: You sometimes yell uncontrollably at your
                  | foes. [potion of mutation]
  5347 | D:5      | Lost mutation: You occasionally shout uncontrollably at
                  | your foes. [potion of mutation]
  5347 | D:5      | Gained mutation: Armour fits poorly on your strangely
                  | shaped body. [potion of mutation]
  5347 | D:5      | Gained mutation: Your magical capacity is low. (-10% MP)
                  | [potion of mutation]
  5347 | D:5      | Gained mutation: Your flesh is heat resistant. (rF+)
                  | [potion of mutation]
  5348 | D:5      | Lost mutation: You are weak. (Str -2) [potion of mutation]
  5348 | D:5      | Lost mutation: Armour fits poorly on your strangely shaped
                  | body. [potion of mutation]
  5348 | D:5      | Lost mutation: Your magical capacity is low. (-10% MP)
                  | [potion of mutation]
  5348 | D:5      | Gained mutation: You have a pair of large antennae on your
                  | head. (SInv) [potion of mutation]
  5348 | D:5      | Gained mutation: You have sharp fingernails. [potion of
                  | mutation]
  5348 | D:5      | Gained mutation: You are somewhat resistant to further
                  | mutation. [potion of mutation]
  5401 | D:5      | XOM: give mutations
  5401 | D:5      | Gained mutation: Scrolls take you a little longer to read.
                  | [Xom's mischief]
  5401 | D:5      | Lost mutation: You have sharp fingernails. [Xom's mischief]
  5401 | D:5      | Gained mutation: You are weak. (Str -2) [Xom's mischief]
  5510 | D:5      | Reached skill level 5 in Axes
  5510 | D:5      | Gained mutation: You are partially covered in sharp spines.
                  | [demonic ancestry]
  5510 | D:5      | Reached XP level 7. HP: 45/56 MP: 7/7
  5769 | D:5      | XOM: 1-stop teleportation journey
  5920 | D:5      | Reached skill level 6 in Fighting
  6123 | D:5      | XOM: confusion
  6218 | D:5      | XOM: enchant monster (bad)
  6242 | D:5      | Noticed a shapeshifter
  6242 | D:5      | an ogre changed into a shapeshifter
  6242 | D:5      | XOM: polymorph ogre -> shapeshifter
  6242 | D:5      | Noticed a wind drake
  6242 | D:5      | a shapeshifter changed into a wind drake
  6250 | D:5      | Noticed a spiny frog
  6250 | D:5      | a wind drake changed into a spiny frog
  6256 | D:5      | Killed a spiny frog
  6256 | D:5      | Reached skill level 7 in Fighting
  6256 | D:5      | Mutation became permanent: You have a pair of antennae on
                  | your head. [demonic ancestry]
  6256 | D:5      | Gained mutation: You have a pair of large antennae on your
                  | head. (SInv) [demonic ancestry]
  6256 | D:5      | Reached XP level 8. HP: 47/67 MP: 8/8
  6266 | D:5      | XOM: mild Chrm miscast
  6312 | D:5      | XOM: god gift: scroll labeled WIRPHU SONGIWIUME {god gift}
  6411 | D:5      | XOM: god gift: 8 stones
  6632 | D:5      | XOM: god gift: scroll labeled WIRPHU SONGIWIUME {god gift}
  6804 | D:5      | XOM: god gift: 10 gold pieces
  6936 | D:6      | Found a bloodstained altar of Trog.
  6994 | D:6      | XOM: fog
  7123 | D:5      | XOM: give mutations
  7123 | D:5      | Lost mutation: Scrolls take you a little longer to read.
                  | [Xom's mischief]
  7409 | D:6      | XOM: cleaving
  7414 | D:6      | Reached skill level 8 in Fighting
  7659 | D:6      | XOM: silly message
  7836 | D:6      | Found a radiant altar of Vehumet.
  7954 | D:7      | XOM: stealth player
  7989 | D:7      | Got a steaming trident
  8061 | D:7      | Found a bloodstained altar of Trog.
  8071 | D:7      | XOM: confusion
  8072 | D:7      | XOM: summons 3 friendly demons
  8152 | D:7      | Noticed a hippogriff
  8160 | D:7      | Noticed a guardian serpent
  8160 | D:7      | a hippogriff changed into a guardian serpent
  8160 | D:7      | XOM: polymorph hippogriff -> guardian serpent
  8166 | D:7      | XOM: butterfly on damage
  8167 | D:7      | Xom revived you
  8168 | D:7      | HP: 2/103 [poisoned by a guardian serpent (bolt of poison)]
  8168 | D:7      | XOM: silly message
  8168 | D:7      | Mangled by a guardian serpent

Levels and vault maps discovered:
D:1:      dpeg_arrival_round_c, layout_loops_cross, solitary_fountain
D:2:      minmay_thinvault, layout_basic, nicolae_overflow_hidden_temple,
          minmay_worlds_worst_comb
D:3:      layout_basic, led_sif_pool
D:4:      layout_gridville, nicolae_overflow_crystal_walls, fedhas_altar_3,
          first_ration, hangedman_abyss_or_decor_jellyfish_corner,
          nicolae_gozag_seed_capital
D:5:      minmay_opposing_rooms, layout_gridville,
          corexii_item_surrounded_by_moat, minmay_fractal_squares_5
D:6:      layout_cave_pools, lemuel_coloured_pillars_altar, trog_ov_bears_minmay
D:7:      layout_rooms, kennysheep_mini, old_standard_altar,
          lemuel_crystal_altar, tgw_xom, minmay_temple_entry_stoned_glass

Skill      XL: |  1  2  3  4  5  6  7  8 |
---------------+-------------------------+-----
Axes           | 3 4 5 6 7 |  7.7
Fighting       | 4 5 7 8 |  8.5
Dodging        | 1 2 3 |  3.1
Armour         | |  1.7

Action                   |  1- 3 |  4- 6 |  7- 9 || total
-------------------------+-------+-------+-------++-------
Melee: Hand axe          |    58 |   282 |   185 ||   525
 Fire: Hunting sling     |       |     1 |     3 ||     4
       Shortbow          |       |       |    11 ||    11
Throw: Dart              |       |     3 |     2 ||     5
  Use: Scroll            |       |     5 |     7 ||    12
       Potion            |       |     2 |     2 ||     4
 Stab: Invisible         |     2 |       |       ||     2
       Paralysed         |       |     2 |       ||     2
       Petrified         |       |       |     8 ||     8
       Petrifying        |       |       |     1 ||     1
  Eat: Chunk             |     1 |    13 |     9 ||    23
Armor: Leather armour    |    16 |       |       ||    16
       Ring mail         |     6 |   124 |    73 ||   203
Dodge: Dodged            |    31 |   156 |    81 ||   268

Table legend:
 A = Non-vault XP
 B = Vault XP
 C = Vault XP percentage of total XP
 D = Non-vault monster count
 E = Vault monster count
 F = Vault count percentage of total count
                 A         B        C        D         E       F
            +---------+---------+-------+---------+---------+-------
      Total |    1781 |     999 |  35.9 |     103 |      30 |  22.6
            +---------+---------+-------+---------+---------+-------
        D:1 |      18 |       0 |   0.0 |       9 |       0 |   0.0
        D:2 |      58 |      47 |  44.8 |       6 |      18 |  75.0
        D:3 |     145 |       0 |   0.0 |      31 |       0 |   0.0
        D:4 |     294 |       0 |   0.0 |      19 |       0 |   0.0
        D:5 |     375 |     826 |  68.8 |      12 |      11 |  47.8
        D:6 |     749 |     126 |  14.4 |      22 |       1 |   4.3
        D:7 |     142 |       0 |   0.0 |       4 |       0 |   0.0
            +---------+---------+-------+---------+---------+-------
